 Dungeon Crawl Stone Soup version 0.24-a0-479-g9a978d2894 (webtiles) character file.

Game seed: 10084522297622407770

166774 Azzok the Eclecticist (level 17, -3/116 HPs)
             Began as a Purple Draconian Fire Elementalist on July 6, 2019.
             Was a High Priest of Vehumet.
             Killed from afar by a thorn hunter (20 damage)
             ... with a volley of thorns
             ... on level 4 of the Swamp.
             The game lasted 01:32:24 (48237 turns).

Azzok the Eclecticist (DrFE)                       Turns: 48237, Time: 01:32:24

Health: -3/116     AC: 15    Str: 12    XL:     17   Next: 30%
Magic:  20/37      EV: 14    Int: 23    God:    Vehumet [*****.]
Gold:   2154       SH:  5    Dex: 15    Spells: 5/49 levels left

rFire    + + .     SeeInvis +   I - staff of fire
rCold    x . .     Gourm    .   C - +0 buckler
rNeg     . . .     Faith    .   (armour unavailable)
rPois    .         Spirit   .   K - +0 hat {SInv}
rElec    .         Reflect  .   T - +2 cloak
rCorr    .         Harm     .   c - +0 pair of gloves
MR       +++..                  o - +1 pair of boots
Stlth    ++........             F - amulet of magic regeneration
HPRegen  0.29/turn              O - ring "Beceb" {+Blink MR+ Int+2 Dex+3}
MPRegen  0.50/turn              r - ring of fire

@: studying Dodging
A: breathe power, unfitting armour, cold-blooded, AC +9
a: Breathe Dispelling Energy, Renounce Religion, Evoke Blink


You were on level 4 of the Swamp.
You worshipped Vehumet.
Vehumet was extremely pleased with you.
You were not hungry.

You visited 6 branches of the dungeon, and saw 32 of its levels.
You also visited: Ossuary.

You collected 2776 gold pieces.
You spent 622 gold pieces at shops.

Inventory:

Armour
 c - a +0 pair of gloves (worn)
 o - a +1 pair of boots (worn)
 C - a +0 buckler (worn)
 K - a +0 hat of see invisible (worn)
 T - a +2 cloak (worn)
Magical Staves
 I - an uncursed staff of fire (weapon)
 J - an uncursed staff of energy
Jewellery
 r - a ring of fire (right hand)
 u - an uncursed ring of protection from cold
 B - the ring of Dic Leot {rElec Str+2}
   (You acquired it on level 2 of the Orcish Mines)

   [ring of strength]

   It affects your strength (+2).
   It insulates you from electricity.
 E - an uncursed ring of protection from magic
 F - an amulet of magic regeneration (around neck)
 O - the ring "Beceb" (left hand) {+Blink MR+ Int+2 Dex+3}
   (You found it on level 6 of the Lair of Beasts)

   [ring of protection from magic]

   It affects your intelligence (+2).
   It affects your dexterity (+3).
   It affects your resistance to hostile enchantments.
   It lets you blink.
Wands
 y - a wand of disintegration (42)
 D - a wand of digging (10)
 L - a wand of paralysis (10)
 N - a wand of acid (40)
 R - a wand of iceblast (19)
 X - a wand of flame (24)
Scrolls
 l - 2 scrolls of identify
 n - 5 scrolls of amnesia
 s - 10 scrolls of teleportation
 t - 10 scrolls of remove curse
 v - 3 scrolls of enchant armour
 x - 8 scrolls of fog
 V - 2 scrolls of fear
 W - 4 scrolls of magic mapping
Potions
 d - 2 potions of resistance
 e - 7 potions of mutation {!q}
 f - 6 potions of heal wounds
 g - 5 potions of agility
 i - 18 potions of curing
 j - 6 potions of might
 p - 3 potions of ambrosia
 q - 2 potions of cancellation
 w - 3 potions of brilliance
 z - 7 potions of lignification
 A - 4 potions of invisibility
 G - 2 potions of haste
 Q - 2 potions of magic
Books
 H - a manual of Dodging
Miscellaneous
 a - a phial of floods
 h - a lamp of fire (inert)
 S - a phantom mirror
Comestibles
 b - 9 rations


   Skills:
 - Level 2.0 Fighting
 - Level 3.7 Dodging
 - Level 1.7 Stealth
 - Level 4.0 Shields
 + Level 16.6 Spellcasting
 + Level 15.2 Conjurations
 + Level 5.6 Summonings
 + Level 4.7 Necromancy
 + Level 15.4 Fire Magic
 + Level 11.5 Earth Magic
 - Level 10.0 Evocations


You had 5 spell levels left.
You knew the following spells:

 Your Spells              Type           Power        Failure   Level  Hunger
a - Orb of Destruction    Conj           ######....   1%          7    ######.
b - Borgnjor's Vile Clut  Necr/Erth      ######....   2%          5    #......
c - Ignition              Fire           ########..   9%          8    #######
d - Fireball              Conj/Fire      ########..   1%          5    #......
e - Bolt of Fire          Conj/Fire      ########..   1%          6    ####...
f - Iron Shot             Conj/Erth      ######....   1%          6    ####...
g - Spellforged Servitor  Conj/Summ      ######....   9%          7    ######.

Your spell library contained the following spells:

 Spells                   Type           Power        Failure   Level  Hunger
 Lehudib's Crystal Spear  Conj/Erth      ######....   21%         8    #######
 Fire Storm               Conj/Fire      ########..   75%         9    #######
 Flame Tongue             Conj/Fire      #####        0%          1    None
 Magic Dart               Conj           ####         0%          1    None
 Searing Ray              Conj           ######       0%          2    None
 Throw Flame              Conj/Fire      ######       0%          2    None
 Conjure Flame            Conj/Fire      ########     0%          3    None
 Animate Skeleton         Necr           N/A          1%          1    None
 Freeze                   Ice            ###.         1%          1    None
 Shock                    Conj/Air       ####         1%          1    None
 Sting                    Conj/Pois      ####         1%          1    None
 Summon Small Mammal      Summ           ####         1%          1    None
 Sublimation of Blood     Necr           #####.....   1%          2    None
 Throw Frost              Conj/Ice       ######       1%          2    None
 Dazzling Spray           Conj/Hex       ######       1%          3    None
 Ignite Poison            Fire/Tmut/Pois #######.     1%          3    None
 Inner Flame              Hex/Fire       #######.     1%          3    None
 Mephitic Cloud           Conj/Pois/Air  #####...     1%          3    None
 Static Discharge         Conj/Air       ######..     1%          3    None
 Force Lance              Conj/Tloc      ######..     1%          4    None
 Fulminant Prism          Conj/Hex       ######....   1%          4    None
 Iskenderun's Mystic Bla  Conj           ######..     1%          4    None
 Sticky Flame             Conj/Fire      ########     1%          4    None
 Throw Icicle             Conj/Ice       ######..     1%          4    None
 Irradiate                Conj/Tmut      ######....   1%          5    #......
 Lightning Bolt           Conj/Air       ######....   1%          5    #......
 Venom Bolt               Conj/Pois      ######....   1%          5    #......
 Petrify                  Tmut/Erth      #####...     2%          4    None
 Apportation              Tloc           ###...       3%          1    None
 Confusing Touch          Hex            ###...       3%          1    None
 Infusion                 Chrm           ###.         3%          1    None
 Regeneration             Chrm/Necr      ####......   3%          3    None
 Blink                    Tloc           N/A          4%          2    None
 Ensorcelled Hibernation  Hex/Ice        ###...       4%          2    None
 Poisonous Vapours        Pois/Air       ###...       4%          2    None
 Shroud of Golubria       Chrm/Tloc      ###...       4%          2    None
 Song of Slaying          Chrm           ###.....     4%          2    None
 Swiftness                Chrm/Air       ###.....     4%          2    None
 Airstrike                Air            ###.......   8%          4    None
 Olgreb's Toxic Radiance  Pois           ###.....     8%          4    None
 Gell's Gravitas          Tloc           ###.......   9%          3    None
 Lesser Beckoning         Tloc           ###.......   9%          3    None
 Ozocubu's Armour         Chrm/Ice       ###.....     9%          3    None
 Spectral Weapon          Hex/Chrm       ###.....     9%          3    None
 Teleport Other           Tloc           ###.....     9%          3    None
 Summon Ice Beast         Ice/Summ       ####....     9%          4    None
 Ice Form                 Ice/Tmut       ###.....     28%         4    None
 Passage of Golubria      Tloc           N/A          28%         4    None
 Alistair's Intoxication  Tmut/Pois      ###.....     63%         5    #......
 Metabolic Englaciation   Hex/Ice        ###.......   63%         5    #......
 Silence                  Hex/Air        ###.......   63%         5    #......
 Bolt of Cold             Conj/Ice       ######....   5%          6    ####...
 Freezing Cloud           Conj/Ice/Air   #####.....   16%         6    ####...
 Shadow Creatures         Summ           N/A          41%         6    ####...
 Ozocubu's Refrigeration  Ice            ###.......   71%         6    ####...
 Simulacrum               Ice/Necr       ####......   86%         6    ####...
 Darkness                 Hex            ###.......   99%         6    ####...


Dungeon Overview and Level Annotations

Branches:
Dungeon (15/15)            Temple (1/1) D:5            Lair (6/6) D:10
  Swamp (4/4) Lair:2       Spider (4/4) Lair:3        Slime (0/5) Lair:6
    Orc (2/2) D:11            Elf (0/3) Orc:2        Vaults (0/5) D:13
 Depths (0/5) D:15

Altars:
Ashenzari
Cheibriados
Elyvilon
Fedhas
Gozag
Hepliaklqana
Kikubaaqudgha
Makhleb
Nemelex Xobeh
Ru
Sif Muna
Trog
Uskayaw
Vehumet
Wu Jian
Xom
Yredelemnul

Shops:
D:6 (   Orc:2 }?(?

Portals:
Pandemonium: Orc:2

Annotations:
D:9 2 transporters, akello96's ghost, novice TrMo
Lair:6 2 transporters
Spider:2 1 exclusion
Orc:2 2 exclusions


Innate Abilities, Weirdness & Mutations

You can breathe bolts of dispelling energy.
Your rich purple scales are hard. (AC +9)
You cannot fit into any form of body armour.
You are cold-blooded and may be slowed by cold attacks.


Message History

Moving in this stuff is going to be slow.
A thorn hunter comes into view.
The thorn hunter is engulfed in a cloud of scalding steam.
The thorn hunter fires a volley of thorns at you.
The volley of thorns hits you!!!
A swamp drake simulacrum comes into view.
The thorn hunter fires a volley of thorns at you.
The volley of thorns hits you!!
There is a stone staircase leading up, spattered with blood here.
Casting: Fireball (safe; 1% risk of failure)
Confirm with . or Enter, or press ? or * to list all spells.
Aiming: Orb of Destruction (safe; 1% risk of failure)
Press: ? - help, Shift-Dir - straight line, f - thorn hunter
Aim: a thorn hunter The thorn hunter fires a volley of thorns at you.
The volley of thorns hits you!!
* * * LOW HITPOINT WARNING * * *
The thorn hunter fires a volley of thorns at you.
The volley of thorns hits you!!
You die...

♣♣ ♣·♣·♣♣♣♣♣
♣≈≈··≈≈·♣♣
··♣·♣§≈··♣♣
≈♣Z·≈≈≈@·♣♣
≈·≈··§≈☼·≈≈♣ ♣♣♣
≈···f*○·≈≈≈♣≈≈···
♣≈≈♣♣≈≈♣♣·····≈·≈≈
♣≈§ ♣··♣≈·≈≈···≈≈·
♣≈ ♣····≈≈≈≈≈≈≈≈·
·····≈≈≈≈§≈≈≈♣
♣·§·≈♣·≈≈≈[··≈·♣
♣♣♣·♣♣♣$·≈)·♣§♣♣


You could see a thorn hunter and a swamp drake simulacrum.

Vanquished Creatures
  Mara (Swamp:3)
  Nikola (Spider:1)
  Jorgrun (Swamp:3)
  Gastronok (Lair:3)
  Kirke (Spider:1)
  An entropy weaver (Spider:2)
  2 spark wasps
  Snorg (D:13)
  2 fire dragons (D:15)
  Harold (D:11)
  19 hydras
  2 shambling mangroves
  4 vault guards (D:13)
  8 alligators
  2 catoblepae (Lair:6)
  A deep troll shaman (Lair:6)
  3 two-headed ogres
  9 death yaks (Lair:6)
  A tengu warrior (D:14)
  8 orc high priests (Orc:2)
  Urug (D:11)
  4 spriggans
  A torturous demonspawn (Orc:2)
  2 spriggan druids
  2 unseen horrors (D:13)
  2 swamp dragons
  A lindwurm (Lair:6)
  A wizard (D:13)
  An infernal demonspawn (Orc:2)
  A deep elf archer (D:13)
  5 orc knights
  A deep elf mage (D:11)
  14 orb spiders
  22 wolf spiders
  An ugly thing (D:13)
  4 oklob plants (Lair:6)
  8 orc sorcerers
  4 cyclopes
  Maurice (D:8)
  3 manticores
  2 centaur zombies
  13 elephants
  Joseph (D:8)
  A rust devil (Orc:2)
  A torpor snail (Spider:1)
  Psyche (D:8)
  16 spiny frogs
  A rime drake (Lair:6)
  3 komodo dragons
  2 yaktaurs (D:13)
  3 kobold demonologists (D:14)
  6 trolls
  15 demonic crawlers
  A hellwing (Orc:2)
  A tengu conjurer (D:13)
  A queen bee (Lair:6)
  19 jumping spiders
  6 meliai
  A polar bear (shapeshifter) (D:14)
  A polar bear (Lair:2)
  7 tyrant leeches
  10 blink frogs
  10 bog bodies
  11 hornets
  7 hippogriffs
  Prince Ribbit (D:6)
  14 slime creatures
  3 centaur simulacra (D:15)
  2 shadows
  71 redbacks
  A wyvern (Lair:6)
  A wraith (D:11)
  9 hogs
  38 tarantellas
  2 ynoxinuls (Orc:2)
  6 basilisks
  12 yaks
  A human (D:7)
  2 hungry ghosts
  19 vampire mosquitoes
  A chaos spawn (Orc:2)
  A neqoxec (Orc:2)
  A swamp worm simulacrum (Swamp:4)
  A warg (Orc:2)
  10 swamp worms
  4 insubstantial wisps (Swamp:3)
  3 acid dragons
  12 water moccasins
  10 porcupines
  32 orc warriors
  6 swamp drakes
  5 ice beasts
  4 sky beasts
  2 black bears (Lair:6)
  An eye of draining (D:12)
  5 ogres
  A phantom (D:9)
  22 centaurs
  14 crocodiles
  14 wolves
  2 big kobolds
  10 bullfrogs
  2 wyvern skeletons
  4 water moccasin zombies (Ossuary)
  3 scorpions
  28 killer bees
  3 wights (D:14)
  4 electric eels
  7 crimson imps
  2 howler monkeys (D:7)
  A bullfrog zombie (D:12)
  3 jellies
  26 orc priests
  6 hounds
  23 orc wizards
  2 centaur skeletons
  A bullfrog skeleton (D:5)
  5 iguanas
  2 worker ants
  2 big kobold zombies (Ossuary)
  A hound zombie (D:10)
  3 mummies
  2 worker ant zombies
  3 howler monkey zombies
  4 gnolls (D:7)
  8 adders
  2 shadow imps
  3 white imps (D:15)
  An ufetubus (D:15)
  An ooze (D:2)
  An adder skeleton (D:7)
  4 adder zombies (Ossuary)
  A dart slug (D:4)
  4 leopard geckos
  83 orcs
  A ball python (D:1)
  8 bats
  4 giant cockroaches
  10 goblins
  5 hobgoblins
  20 kobolds
  4 quokkas
  7 frilled lizards
  4 gnoll zombies (Ossuary)
  7 hobgoblin zombies (Ossuary)
  A jackal skeleton (D:7)
  4 kobold zombies (Ossuary)
  A leopard gecko skeleton (D:7)
  5 orc zombies (Ossuary)
  13 rats
  A fungus (Lair:6)
  3 plants
974 creatures vanquished.

Vanquished Creatures (others)
  A human (D:4)
  6 fungi
  6 plants (Lair:6)
13 creatures vanquished.

Grand Total: 987 creatures vanquished

Notes
Turn   | Place    | Note
-------+----------+-------------------------------------------
     0 | D:1      | Azzok the Draconian Fire Elementalist began the quest for
                  | the Orb.
     0 | D:1      | Reached XP level 1. HP: 14/14 MP: 3/3
   182 | D:1      | Reached XP level 2. HP: 20/20 MP: 3/5
  1099 | D:2      | Reached XP level 3. HP: 26/26 MP: 1/6
  1782 | D:2      | Found a basalt altar of Yredelemnul.
  2467 | D:3      | Reached XP level 4. HP: 33/33 MP: 4/8
  2555 | D:3      | Learned a level 3 spell: Conjure Flame
  2560 | D:3      | Learned a level 4 spell: Sticky Flame
  3035 | D:3      | Reached skill level 3 in Spellcasting
  3714 | D:3      | Reached XP level 5. HP: 38/38 MP: 5/9
  4725 | D:4      | Found an ancient bone altar of Kikubaaqudgha.
  4726 | D:4      | Noticed a human
  4728 | D:4      | Killed a human
  4860 | D:5      | Entered Level 5 of the Dungeon
  5150 | D:5      | Found a blossoming altar of Fedhas.
  5185 | D:5      | Found a staircase to the Ecumenical Temple.
  5195 | Temple   | Entered the Ecumenical Temple
  5206 | Temple   | Became a worshipper of Vehumet
  5747 | D:6      | Found Feovuiba's Antique Weapon Emporium.
  5936 | D:6      | Noticed Prince Ribbit
  5947 | D:6      | Killed Prince Ribbit
  5947 | D:6      | Reached skill level 4 in Spellcasting
  5947 | D:6      | Reached XP level 6. HP: 45/45 MP: 2/12
  6075 | D:6      | Reached skill level 5 in Fire Magic
  6144 | D:6      | Your scales start taking on a rich purple colour.
  6144 | D:6      | Reached skill level 5 in Spellcasting
  6144 | D:6      | Reached XP level 7. HP: 49/50 MP: 1/14
  6494 | D:6      | Found a hide-covered altar of Uskayaw.
  6883 | D:6      | Found a sparkling altar of Nemelex Xobeh.
  7205 | D:6      | Reached skill level 5 in Conjurations
  7215 | D:6      | Reached skill level 6 in Spellcasting
  7500 | D:7      | Reached XP level 8. HP: 57/57 MP: 7/17
  7694 | D:7      | Reached * piety under Vehumet
  7694 | D:7      | Offered knowledge of Magic Dart by Vehumet.
  7807 | D:7      | Reached skill level 7 in Spellcasting
  7816 | D:7      | Learned a level 5 spell: Fireball
  8104 | D:7      | Found a blossoming altar of Fedhas.
  8266 | D:6      | Reached XP level 9. HP: 52/62 MP: 7/20
  8362 | D:7      | Reached skill level 8 in Spellcasting
  8861 | D:8      | Noticed a two-headed ogre
  8875 | D:8      | Killed a two-headed ogre
  8901 | D:8      | Found a sand-covered staircase.
  8957 | Ossuary  | Entered an ossuary
  8961 | Ossuary  | Offered knowledge of Shock by Vehumet.
  8987 | Ossuary  | Reached ** piety under Vehumet
  9305 | Ossuary  | Reached skill level 9 in Spellcasting
  9410 | Ossuary  | Offered knowledge of Throw Frost by Vehumet.
  9624 | D:8      | Noticed Maurice
  9659 | D:8      | Killed Maurice
  9777 | D:8      | Reached *** piety under Vehumet
  9930 | D:8      | Noticed Psyche
  9937 | D:8      | Killed Psyche
  9937 | D:8      | Reached XP level 10. HP: 69/69 MP: 18/23
 10088 | D:8      | Found an ornate altar of the Wu Jian Council.
 10089 | D:8      | Found a shimmering altar of Xom.
 10092 | D:8      | Found a shattered altar of Ashenzari.
 10348 | D:8      | Found a hazy altar of Hepliaklqana.
 10430 | D:8      | Noticed Joseph
 10535 | D:8      | Killed Joseph
 11177 | D:9      | Offered knowledge of Olgreb's Toxic Radiance by Vehumet.
 11568 | D:9      | Found a transporter.
 11569 | D:9      | Noticed akello96's ghost (novice TrMo)
 11569 | D:9      | Identified the cursed +1 dire flail of Accord {crush,
                  | Dex+6}
 11569 | D:9      | Identified the cursed +0 great mace "Onaj" {protect, rN+
                  | Int+4}
 11569 | D:9      | Noticed a two-headed ogre
 11569 | D:9      | Noticed a two-headed ogre
 11574 | D:9      | Found a transporter.
 11679 | D:9      | Reached skill level 1 in Evocations
 11836 | D:10     | Entered Level 10 of the Dungeon
 11984 | D:10     | Reached skill level 10 in Spellcasting
 12288 | D:10     | Reached **** piety under Vehumet
 12753 | D:10     | Found a staircase to the Lair.
 12893 | D:10     | Noticed a two-headed ogre
 12896 | D:10     | Killed a two-headed ogre
 12896 | D:10     | Reached skill level 10 in Fire Magic
 12902 | D:10     | Offered knowledge of Force Lance by Vehumet.
 13038 | D:11     | Noticed Harold
 13078 | D:11     | Killed Harold
 13078 | D:11     | Reached XP level 11. HP: 71/74 MP: 12/25
 13446 | D:11     | Found a staircase to the Orcish Mines.
 13710 | D:11     | Reached skill level 5 in Evocations
 13825 | D:11     | Reached skill level 11 in Spellcasting
 13825 | D:11     | Reached skill level 10 in Conjurations
 14807 | D:11     | Noticed Urug
 15187 | Lair:1   | Entered Level 1 of the Lair of Beasts
 16457 | Lair:2   | Reached ***** piety under Vehumet
 16458 | Lair:2   | Noticed an eight-headed hydra
 16833 | Lair:2   | Offered knowledge of Bolt of Fire by Vehumet.
 16864 | Lair:2   | Learned a level 6 spell: Bolt of Fire
 17465 | Lair:2   | Found a staircase to the Swamp.
 17475 | Lair:2   | Killed an eight-headed hydra
 18099 | Lair:3   | Noticed Gastronok
 18228 | Lair:3   | Killed Gastronok
 18228 | Lair:3   | Reached XP level 12. HP: 81/81 MP: 9/27
 18367 | Lair:3   | Found a hole to the Spider Nest.
 18649 | Lair:3   | Reached skill level 12 in Spellcasting
 18814 | Lair:3   | Noticed a six-headed hydra
 18818 | Lair:3   | Killed a six-headed hydra
 19594 | Lair:4   | You fall into a shaft and drop 1 floor!
 20078 | Lair:4   | You fall into a shaft and drop 1 floor!
 20261 | Lair:4   | Found a shimmering altar of Xom.
 21302 | Lair:5   | Noticed a five-headed hydra
 21307 | Lair:5   | Killed a five-headed hydra
 21991 | Lair:6   | Entered Level 6 of the Lair of Beasts
 22248 | Lair:5   | Reached XP level 13. HP: 83/86 MP: 21/29
 22306 | Lair:6   | Reached skill level 13 in Spellcasting
 23040 | Lair:6   | Found a transporter.
 23044 | Lair:6   | Found a transporter.
 23772 | Lair:6   | Found a staircase to the Slime Pits.
 23880 | Lair:6   | Reached skill level 10 in Evocations
 24726 | Lair:6   | Reached skill level 14 in Spellcasting
 24919 | Lair:6   | Got a steaming platinum ring
 25186 | Lair:6   | Reached ****** piety under Vehumet
 25720 | D:11     | Reached XP level 14. HP: 93/93 MP: 25/32
 25876 | D:11     | Killed Urug
 27038 | D:12     | Offered knowledge of Conjure Ball Lightning by Vehumet.
 28046 | Orc:1    | Entered Level 1 of the Orcish Mines
 28879 | Orc:2    | Entered Level 2 of the Orcish Mines
 29718 | Orc:2    | Found a staircase to the Elven Halls.
 30285 | Orc:2    | Found a bloodstained altar of Trog.
 30560 | Orc:2    | Found Wighab's Magic Scroll Emporium.
 30564 | Orc:2    | Found Bobu's Magic Scroll Shoppe.
 31048 | D:13     | Reached skill level 15 in Spellcasting
 31349 | D:13     | Noticed Snorg
 31353 | D:13     | Killed Snorg
 31688 | D:13     | Identified the ring "Beceb" {+Blink MR+ Int+2 Dex+3} (You
                  | found it on level 6 of the Lair of Beasts)
 31952 | D:13     | Reached skill level 1 in Fighting
 31954 | D:13     | Offered knowledge of Iron Shot by Vehumet.
 32039 | D:13     | Learned a level 6 spell: Iron Shot
 32069 | D:13     | Found a gate to the Vaults.
 32143 | D:14     | You fall into a shaft and drop 1 floor!
 32143 | D:15     | Entered Level 15 of the Dungeon
 32527 | D:14     | Reached skill level 1 in Earth Magic
 33028 | D:14     | Reached XP level 15. HP: 28/104 MP: 11/34
 33762 | D:14     | You fall into a shaft and drop 1 floor!
 34090 | D:15     | Offered knowledge of Bolt of Draining by Vehumet.
 34302 | D:15     | Found an opulent altar of Gozag.
 34451 | D:15     | Found a staircase to the Depths.
 35234 | Swamp:1  | Entered Level 1 of the Swamp
 35348 | Swamp:1  | Reached skill level 5 in Earth Magic
 36471 | Swamp:2  | Reached skill level 1 in Shields
 37083 | Swamp:2  | Offered knowledge of Spellforged Servitor by Vehumet.
 37200 | Swamp:1  | Learned a level 7 spell: Spellforged Servitor
 37420 | Swamp:2  | Reached skill level 1 in Summonings
 38327 | Swamp:3  | Noticed Mara
 38873 | Orc:2    | Bought a scroll of noise for 14 gold pieces
 38873 | Orc:2    | Bought a scroll of identify for 28 gold pieces
 38873 | Orc:2    | Bought a scroll of magic mapping for 49 gold pieces
 38873 | Orc:2    | Bought a scroll of identify for 28 gold pieces
 38873 | Orc:2    | Bought a scroll of identify for 28 gold pieces
 38873 | Orc:2    | Bought a scroll of magic mapping for 49 gold pieces
 38873 | Orc:2    | Bought a scroll of fog for 28 gold pieces
 38873 | Orc:2    | Bought a scroll of teleportation for 42 gold pieces
 38873 | Orc:2    | Bought a scroll of fear for 49 gold pieces
 38885 | Orc:2    | Bought 2 scrolls of identify for 60 gold pieces
 38885 | Orc:2    | Bought a scroll of fog for 30 gold pieces
 38885 | Orc:2    | Bought a scroll of identify for 30 gold pieces
 38885 | Orc:2    | Bought a scroll of magic mapping for 52 gold pieces
 38885 | Orc:2    | Bought a scroll of identify for 30 gold pieces
 38885 | Orc:2    | Bought a scroll of identify for 30 gold pieces
 38885 | Orc:2    | Bought a scroll of identify for 30 gold pieces
 38885 | Orc:2    | Bought a scroll of teleportation for 45 gold pieces
 38887 | Orc:2    | Identified a scroll of acquirement
 38895 | Orc:2    | Got a twitching golden ring
 38896 | Orc:2    | Identified the ring of Dic Leot {rElec Str+2} (You acquired
                  | it on level 2 of the Orcish Mines)
 39935 | Orc:2    | Found Wughigh's Antique Weapon Shop.
 39935 | Orc:2    | Found Bautt's Gadget Boutique.
 39936 | Orc:2    | Found a one-way gate leading to the halls of Pandemonium.
 39943 | Orc:2    | Reached skill level 5 in Summonings
 39943 | Orc:2    | Reached XP level 16. HP: 111/111 MP: 26/35
 40169 | Spider:1 | Entered Level 1 of the Spider Nest
 40180 | Spider:1 | Offered knowledge of Poison Arrow by Vehumet.
 40414 | Spider:1 | Reached skill level 10 in Earth Magic
 40862 | Spider:1 | Noticed Nikola
 40874 | Spider:1 | Killed Nikola
 41874 | Spider:1 | Offered knowledge of Orb of Destruction by Vehumet.
 41980 | Spider:1 | Learned a level 7 spell: Orb of Destruction
 42007 | Spider:1 | Noticed Kirke
 42011 | Spider:1 | Noticed a sphinx
 42011 | Spider:1 | Killed Kirke
 42330 | Spider:1 | Learned a level 5 spell: Borgnjor's Vile Clutch
 42951 | Spider:2 | Reached skill level 1 in Necromancy
 43423 | Spider:2 | Reached skill level 16 in Spellcasting
 43760 | Spider:2 | Reached skill level 15 in Fire Magic
 44691 | Spider:3 | Offered knowledge of Lehudib's Crystal Spear by Vehumet.
 44691 | Spider:3 | Offered knowledge of Fire Storm by Vehumet.
 44691 | Spider:3 | Offered knowledge of Ignition by Vehumet.
 45444 | Spider:2 | Learned a level 8 spell: Ignition
 45673 | Spider:3 | Reached skill level 15 in Conjurations
 46195 | Spider:4 | Entered Level 4 of the Spider Nest
 46535 | Spider:4 | Reached XP level 17. HP: 116/116 MP: 33/37
 47389 | Swamp:3  | Noticed Jorgrun
 47400 | Swamp:3  | Killed Jorgrun
 47705 | Swamp:3  | Killed Mara
 48216 | Swamp:4  | Entered Level 4 of the Swamp
 48237 | Swamp:4  | Killed from afar by a thorn hunter

Levels and vault maps discovered:
D:1:      minmay_arrival_wavy_path, layout_loops_ring, minmay_tree_intersection,
          dk_noncrumbling_3, minmay_misc_feat_roman, grunt_decor_fettered
D:2:      kennysheep_big_flooded_room, layout_basic, overflow_temple_1_default,
          serial_glass, glass_columns_b, glass_columns_a
D:3:      corexii_shack_village, layout_basic, chequers_serial_rivers_micro_e,
          chequers_serial_rivers_small_3, minivault_23
D:4:      layout_loops_corners, first_ration, corner_web_ring, tgw_kikubaaqudgha
D:5:      layout_layer_cave, minmay_temple_entry_mini_moons,
          fedhas_ov_isle_minmay
D:6:      layout_basic, nemelex_altar_shiori, nicolae_overflow_crystal_walls,
          serial_shops, nicolae_shop_overgrown_old_shop, wad_floor_pattern_2,
          uniq_prince_ribbit1
D:7:      layout_rooms, lemuel_crystal_altar, corexii_leaking_fountain,
          grunt_livestock
D:8:      layout_basic, grunt_temple_overflow_open, kennysheep_mini_moat,
          gup_ossuary_entry_pyramid, uniq_joseph, uniq_psyche, uniq_maurice
D:9:      layout_irregular_city, gammafunk_ghost_smash
D:10:     layout_roguey, grunt_lair_entry_orc_guard_hut, feat_on_display
D:11:     layout_stronghold, david_orc_2, uniq_urug, uniq_harold
D:12:     layout_cave_pools
D:13:     layout_cave_pools, grunt_vaults_entry_fortified, uniq_snorg
D:14:     layout_roguey, minivault_23
D:15:     grunt_enter_depths_hoard, layout_basic, serial_ice, serial_ice_n,
          serial_ice_l, serial_ice_d, serial_ice_g, nicolae_gozag_seed_capital
Temple:   eino_temple_lava
Lair:1:   layout_cave_pods, infiniplex_staircase_pool_2
Lair:2:   layout_cave_shapes, skrybe_swamp_entry_bodies
Lair:3:   layout_long_grid, spider_nest_entry_a, serial_forest,
          infiniplex_forest_lined_3, infiniplex_forest_pool,
          infiniplex_forest_clump_tiny, infiniplex_forest_clump_small,
          infiniplex_forest_straight_2, uniq_gastronok
Lair:4:   layout_gridlike, basic_altar
Lair:5:   layout_regular_city, chequers_serial_rivers_micro_a,
          minmay_hedge_maze, grunt_megastairs_5
Lair:6:   grunt_lair_end_beastmaster, layout_gridlike, dpeg_slime_entry_corner,
          gammafunk_ghost_hive, special_room [special_room_bee],
          minmay_lair_oklob_chamber, grunt_megastairs_1
Swamp:1:  layout_falls_marsh, nicolae_swamp_triple_paths
Swamp:2:  layout_basic_swamp, nicolae_swamp_little_tower, swamp_pool2
Swamp:3:  layout_falls_marsh, nicolae_swamp_dense_foliage, uniq_jorgrun,
          uniq_mara
Swamp:4:  swamp_icy, layout_basic_swamp, swamp_pool1, grunt_lady_of_the_lake
Spider:1: layout_spider_delve, uniq_kirke, uniq_nikola
Spider:2: layout_spider_delve, hangedman_spider_tarantella_strand
Spider:3: layout_spider_delve, drop_trap
Spider:4: grunt_spider_rune_circles, drop_trap
Orc:1:    layout_diamond_mine, guppyfry_library_mini
Orc:2:    pf_orc_diabolical, layout_diamond_mine, trog_book

Skill      XL: |  1  2  3  4  5  6  7  8  9 10 11 12 13 14 15 16 17 |
---------------+----------------------------------------------------+-----
Conjurations   | 2 3 4 5 6 8 9 10 11 13 14 15 | 15.2
Spellcasting   | 3 4 5 6 7 9 10 11 12 14 15 16 | 16.6
Fire Magic     | 4 5 6 7 9 10 11 12 13 14 15 | 15.4
Evocations     | 4 7 9 10 | 10.0
Fighting       | 2 |  2.0
Earth Magic    | 1 9 11 | 11.5
Dodging        | 3 |  3.7
Shields        | 4 |  4.0
Summonings     | 5 |  5.6
Necromancy     | 3 4 |  4.7
Stealth        | |  1.7

Action                   |  1- 3 |  4- 6 |  7- 9 | 10-12 | 13-15 | 16-18 || total
-------------------------+-------+-------+-------+-------+-------+-------++-------
Melee: Short sword       |    31 |       |       |       |       |       ||    31
       Tailslap          |     6 |     5 |     2 |     8 |     3 |       ||    24
       Flail             |    11 |    18 |    11 |    82 |    30 |       ||   152
       Trident           |       |    24 |    22 |       |       |       ||    46
       Staff             |       |       |       |     4 |    10 |     2 ||    16
 Cast: Flame Tongue      |    63 |   100 |   224 |   120 |    30 |       ||   537
       Sticky Flame      |       |     3 |    34 |    53 |    34 |    10 ||   134
       Fireball          |       |       |     2 |   170 |   495 |   204 ||   871
       Conjure Flame     |       |       |       |     1 |       |       ||     1
       Bolt of Fire      |       |       |       |    14 |    29 |    13 ||    56
       Iron Shot         |       |       |       |       |    19 |    42 ||    61
       Orb of Destructio |       |       |       |       |       |    17 ||    17
       Borgnjor's Vile C |       |       |       |       |       |     8 ||     8
       Ignition          |       |       |       |       |       |     5 ||     5
 Abil: Breathe Dispellin |       |       |     1 |       |       |       ||     1
Evoke: Wand              |       |       |       |     7 |     6 |     1 ||    14
       Lamp of fire      |       |       |       |       |       |     1 ||     1
  Use: Scroll            |     7 |     7 |     6 |     6 |    19 |     6 ||    51
       Potion            |       |       |       |     4 |     2 |     1 ||     7
 Stab: Distracted        |       |     1 |       |       |       |       ||     1
       Sleeping          |       |     1 |       |       |       |       ||     1
  Eat: Chunk             |     5 |     9 |    10 |    28 |    39 |     8 ||    99
       Ration            |       |     1 |     2 |    14 |    20 |    13 ||    50
Armor: Skin              |    34 |    30 |    53 |    68 |    70 |    55 ||   310
Dodge: Dodged            |    52 |    71 |   134 |   181 |    81 |    84 ||   603
Block: Buckler           |       |       |       |       |     1 |    26 ||    27

Table legend:
 A = Non-vault XP
 B = Vault XP
 C = Vault XP percentage of total XP
 D = Non-vault monster count
 E = Vault monster count
 F = Vault count percentage of total count
                 A         B        C        D         E       F
            +---------+---------+-------+---------+---------+-------
      Total |  161835 |   76414 |  32.1 |     724 |     246 |  25.4
            +---------+---------+-------+---------+---------+-------
        D:1 |      31 |       0 |   0.0 |      21 |       0 |   0.0
        D:2 |      60 |       2 |   3.2 |      18 |       2 |  10.0
        D:3 |      84 |      21 |  20.0 |      27 |       8 |  22.9
        D:4 |      88 |       0 |   0.0 |       8 |       0 |   0.0
        D:5 |      37 |       0 |   0.0 |       1 |       0 |   0.0
        D:6 |     806 |     638 |  44.2 |      23 |       3 |  11.5
        D:7 |     962 |     603 |  38.5 |      25 |       3 |  10.7
        D:8 |    1274 |    1391 |  52.2 |      12 |       4 |  25.0
        D:9 |     489 |       0 |   0.0 |      11 |       0 |   0.0
       D:10 |    3358 |     655 |  16.3 |      28 |       5 |  15.2
       D:11 |    5572 |    2105 |  27.4 |      39 |       7 |  15.2
       D:12 |    7773 |       0 |   0.0 |      51 |       0 |   0.0
       D:13 |    5635 |    8054 |  58.8 |      24 |      11 |  31.4
       D:14 |    9155 |       0 |   0.0 |      28 |       0 |   0.0
       D:15 |    4146 |    3229 |  43.8 |      12 |      12 |  50.0
     Lair:1 |    1840 |       0 |   0.0 |      12 |       0 |   0.0
     Lair:2 |    2094 |     531 |  20.2 |       8 |       2 |  20.0
     Lair:3 |    4614 |    2130 |  31.6 |      15 |       1 |   6.2
     Lair:4 |    2097 |       0 |   0.0 |       8 |       0 |   0.0
     Lair:5 |    8178 |    1371 |  14.4 |      26 |       6 |  18.8
     Lair:6 |    8395 |   17636 |  67.7 |      26 |      58 |  69.0
    Swamp:1 |   11484 |       0 |   0.0 |      27 |       0 |   0.0
    Swamp:2 |   10386 |       0 |   0.0 |      26 |       0 |   0.0
    Swamp:3 |   10887 |   10489 |  49.1 |      27 |       2 |   6.9
    Swamp:4 |     950 |     176 |  15.6 |       1 |       1 |  50.0
   Spider:1 |   20202 |    6971 |  25.7 |      61 |       7 |  10.3
   Spider:2 |   17688 |     205 |   1.1 |      51 |       1 |   1.9
   Spider:3 |   12936 |     588 |   4.3 |      41 |       1 |   2.4
   Spider:4 |    6738 |    1218 |  15.3 |      27 |       4 |  12.9
      Orc:1 |    1398 |    1345 |  49.0 |       8 |       9 |  52.9
      Orc:2 |    2478 |   16620 |  87.0 |      32 |      67 |  67.7
    Ossuary |       0 |     436 | 100.0 |       0 |      32 | 100.0
            +---------+---------+-------+---------+---------+-------
